[Event "Baltic Zonal III Stage 2018"]
[Site "Liepaja"]
[Date "2018.07.10"]
[Round "3"]
[White "Laurusas, Tomas"]
[Black "Neiksans, Arturs"]
[Result "1/2-1/2"]
[ECO "E63"]
[WhiteElo "2465"]
[BlackElo "2567"]
[Annotator "ChessBase"]
[PlyCount "150"]
[EventDate "2018.07.09"]
[EventType "swiss"]
[EventCountry "LAT"]
[SourceTitle "playchess.com"]
[Source "ChessBase"]
[SourceQuality "1"]
[TimeControl "5400+30"]

1. d4 Nf6 2. c4 g6 3. Nf3 Bg7 4. g3 O-O 5. Bg2 d6 6. O-O Nc6 7. Nc3 a6 8. b3 Rb8 9. a4 Na5 10. Ba3 b6 11. d5 c5 12. dxc6 Nxc6 13. Rc1 Nd7 14. e3 Bb7 15. Nd4 Nxd4 16. exd4 Bxg2 17. Kxg2 b5 18. axb5 axb5 19. cxb5 Qa5 20. Bb2 Nb6 21. Qd3 Qa8+ 22. Kg1 Nd5 23. Ra1 Qb7 24. Ra5 Rfc8 25. Nxd5 Qxd5 26. Rfa1 Rb6 27. R1a4 Bf6 28. Rc4 Rcb8 29. Rb4 h5 30. h4 R6b7 31. Bc3 Kg7 32. Bd2 e6 33. Bf4 e5 34. Bg5 Bxg5 35. hxg5 e4 36. Qe3 Rxb5 37. Raxb5 Rxb5 38. Rxb5 Qxb5 39. Qxe4 Qxb3 40. Kg2 Qb5 41. Qf4 Qd5+ 42. Kg1 Kf8 43. Kf1 Ke7 44. Qf6+ Kd7 45. Qf4 Kc6 46. Ke2 Kb5 47. Kd3 Qe6 48. Kc3 Qc4+ 49. Kd2 Qd5 50. Kd3 Qb3+ 51. Kd2 Kc6 52. Qe4+ Kd7 53. Qf4 Qc4 54. Qf6 Qa2+ 55. Kd3 Qb3+ 56. Kd2 Kc6 57. Qf4 Qe6 58. Kd3 Kd7 59. Kd2 Qc4 60. Qf6 Qa2+ 61. Kd3 Kc6 62. Qf4 Qb3+ 63. Kd2 Qd5 64. Kd3 Kb5 65. Kc3 Ka4 66. Qf6 Ka3 67. Qf4 Ka4 68. Qf6 Kb5 69. Kd3 Kb4 70. Qf4 Kb3 71. Qf6 Kb4 72. Qf4 Qb3+ 73. Ke4 Qe6+ 74. Kd3 Kb3 75. Qf3 Kb4 1/2-1/2

[Event "Baltic Zonal III Stage 2018"]
[Site "Liepaja"]
[Date "2018.07.10"]
[Round "3"]
[White "Samolins, Vitalijs"]
[Black "Ladva, Ottomar"]
[Result "0-1"]
[ECO "B40"]
[WhiteElo "2400"]
[BlackElo "2498"]
[Annotator "ChessBase"]
[PlyCount "94"]
[EventDate "2018.07.09"]
[EventType "swiss"]
[EventCountry "LAT"]
[SourceTitle "playchess.com"]
[Source "ChessBase"]
[SourceQuality "1"]
[TimeControl "5400+30"]

1. e4 c5 2. Nf3 e6 3. c3 d5 4. exd5 Qxd5 5. d4 cxd4 6. Qxd4 Nf6 7. Qxd5 Nxd5 8. Nbd2 Be7 9. Bc4 Nb6 10. Bb3 Nc6 11. Nc4 Nxc4 12. Bxc4 e5 13. Be3 f6 14. O-O-O Bd7 15. Nd2 O-O-O 16. Ne4 Na5 17. Bd5 b6 18. b4 Nb7 19. f4 f5 20. Nd2 Ba4 21. Nb3 Bd6 22. Be6+ Bd7 23. fxe5 Bxe6 24. exd6 Nxd6 25. Rhe1 Ne4 26. Bd4 Rhe8 27. Nd2 Bxa2 28. Nxe4 fxe4 29. Bxg7 Rxd1+ 30. Kxd1 e3 31. Bd4 Bb3+ 32. Ke2 Bc4+ 33. Kd1 e2+ 34. Kd2 Rf8 35. Be3 a5 36. bxa5 bxa5 37. Bg5 Kd7 38. Bh4 Rf1 39. Kc2 Kc6 40. Kb2 a4 41. Ka3 Kb5 42. Bg3 Bd3 43. h4 h5 44. Kb2 Kc4 45. Ka3 Kxc3 46. Bc7 Rxe1 47. Ba5+ Kc2 0-1

[Event "Baltic Zonal III Stage 2018"]
[Site "Liepaja"]
[Date "2018.07.10"]
[Round "3"]
[White "Sirosh, Ilja"]
[Black "Meskovs, Nikita"]
[Result "1-0"]
[ECO "D71"]
[WhiteElo "2339"]
[BlackElo "2540"]
[Annotator "ChessBase"]
[PlyCount "43"]
[EventDate "2018.07.09"]
[EventType "swiss"]
[EventCountry "LAT"]
[SourceTitle "playchess.com"]
[Source "ChessBase"]
[SourceQuality "1"]
[TimeControl "5400+30"]

1. d4 Nf6 2. c4 g6 3. g3 Bg7 4. Bg2 O-O 5. Nc3 d6 6. Nf3 c6 7. O-O Na6 8. e4 Bg4 9. h3 Bxf3 10. Bxf3 e5 11. d5 Qb6 12. Rb1 c5 13. a3 Nd7 14. Bg2 f5 15. exf5 gxf5 16. g4 e4 17. gxf5 Ne5 18. Nxe4 Rxf5 19. Ng5 Qd8 20. Ne6 Qf6 21. f4 Nxc4 22. b3 1-0

[Event "Baltic Zonal III Stage 2018"]
[Site "Liepaja"]
[Date "2018.07.10"]
[Round "3"]
[White "Chukavin, Kirill"]
[Black "Klabis, Rokas"]
[Result "0-1"]
[ECO "C64"]
[WhiteElo "2303"]
[BlackElo "2347"]
[Annotator "NA"]
[PlyCount "28"]
[EventDate "2018.07.09"]
[EventType "swiss"]
[EventCountry "LAT"]
[SourceTitle "playchess.com"]
[Source "ChessBase"]
[SourceQuality "1"]
[TimeControl "5400+30"]

1. e4 e5 2. Nf3 Nc6 3. Bb5 Bc5 4. c3 Nge7 5. O-O Bb6 6. d4 exd4 7. cxd4 d5 8. exd5 Nxd5 9. Re1+ Be6 10. Bxc6+ bxc6 11. Ng5 O-O 12. Qc2 Nf6 13. Rxe6 fxe6 14. Nxe6 Re8 0-1

[Event "Baltic Zonal III Stage 2018"]
[Site "Liepaja"]
[Date "2018.07.10"]
[Round "3"]
[White "Haavamae, Henrik"]
[Black "Berzinsh, Roland"]
[Result "0-1"]
[ECO "C60"]
[WhiteElo "2185"]
[BlackElo "2410"]
[Annotator "NA"]
[PlyCount "86"]
[EventDate "2018.07.09"]
[EventType "swiss"]
[EventCountry "LAT"]
[SourceTitle "playchess.com"]
[Source "ChessBase"]
[SourceQuality "1"]
[TimeControl "5400+30"]

1. e4 e5 2. Nf3 Nc6 3. Bb5 Nge7 4. O-O g6 5. Nc3 (5. c3 $14) 5... Bg7 $11 {[%emt 0:00:24] LiveBook: 15 Games} 6. a3 O-O 7. Bc4 d6 8. d3 h6 9. Be3 Nd4 10. h3 c6 11. Bxd4 exd4 12. Ne2 d5 13. exd5 Nxd5 14. Nfxd4 Qb6 15. c3 Qxb2 16. Bxd5 cxd5 17. Qb3 Qxb3 18. Nxb3 Bf5 19. d4 Rfc8 20. Rfc1 g5 21. f4 Rc7 22. Nc5 Re8 23. Ng3 Bg6 24. f5 Bh7 25. Re1 Rec8 26. Rac1 b6 27. Nd3 Rxc3 28. Rxc3 Bxd4+ 29. Kh2 Bxc3 30. Re7 a5 31. Rd7 h5 32. Rxd5 h4 33. Ne4 f6 34. g4 hxg3+ 35. Kxg3 Ba1 36. Kg4 Rc4 37. Ndf2 Be5 38. Rd8+ Kg7 39. Rd7+ Kh6 40. Rb7 Ra4 41. h4 gxh4 42. Rf7 h3 43. Kxh3 Bxf5+ 0-1

[Event "Baltic Zonal III Stage 2018"]
[Site "Liepaja"]
[Date "2018.07.10"]
[Round "3"]
[White "Pedoson, Georg Aleksander"]
[Black "Kantans, Toms"]
[Result "0-1"]
[ECO "E43"]
[WhiteElo "2176"]
[BlackElo "2529"]
[Annotator "ChessBase"]
[PlyCount "80"]
[EventDate "2018.07.09"]
[EventType "swiss"]
[EventCountry "LAT"]
[SourceTitle "playchess.com"]
[Source "ChessBase"]
[SourceQuality "1"]
[TimeControl "5400+30"]

1. d4 Nf6 2. c4 e6 3. Nc3 Bb4 4. e3 b6 5. Bd3 Bb7 6. Nf3 Ne4 7. Qc2 f5 8. O-O Bxc3 9. bxc3 O-O 10. Ne1 c5 11. f3 Nd6 12. Ba3 Qc7 13. e4 Ba6 14. Qe2 fxe4 15. fxe4 Rxf1+ 16. Qxf1 Nc6 17. Nf3 e5 18. d5 Na5 19. Nxe5 Rf8 20. Qe2 Qd8 21. Bc1 Qe8 22. Nf3 Bxc4 23. e5 Qg6 24. Bxc4 Ndxc4 25. e6 dxe6 26. dxe6 Re8 27. e7 h6 28. Bd2 Nxd2 29. Nxd2 Nc6 30. Rf1 Rxe7 31. Qf3 Kh7 32. h3 Re6 33. Qd1 Re3 34. Rf3 Qd3 35. Rxe3 Qxe3+ 36. Kh1 Qxc3 37. Qb1+ Kh8 38. Ne4 Qe5 39. Qe1 Nd4 40. Qh4 Kh7 0-1

[Event "Baltic Zonal III Stage 2018"]
[Site "Liepaja"]
[Date "2018.07.11"]
[Round "4"]
[White "Kovalenko, Igor"]
[Black "Kulaots, Kaido"]
[Result "1-0"]
[ECO "A36"]
[WhiteElo "2624"]
[BlackElo "2555"]
[Annotator "ChessBase"]
[PlyCount "81"]
[EventDate "2018.07.09"]
[EventType "swiss"]
[EventCountry "LAT"]
[SourceTitle "playchess.com"]
[Source "ChessBase"]
[SourceQuality "1"]
[TimeControl "5400+30"]

1. c4 g6 2. Nc3 c5 3. g3 Bg7 4. Bg2 Nc6 5. a3 d6 6. d3 e6 7. Bd2 Nge7 8. Nh3 e5 9. Rb1 a5 10. e3 h6 11. O-O Bf5 12. e4 Be6 13. Nd5 Nd4 14. Bc3 Nxd5 15. cxd5 Bd7 16. Bxd4 cxd4 17. f4 O-O 18. Qd2 Rc8 19. f5 Kh7 20. Rf2 Bf6 21. Rbf1 Ba4 22. Kh1 Kg7 23. Bf3 Rc2 24. Qe1 Qc7 25. Bd1 Rc1 26. Qe2 Bxd1 27. Rxd1 Rc8 28. Kg2 Rc2 29. Rd2 Rxd2 30. Qxd2 a4 31. Qe2 h5 32. Qf3 Qe7 33. Qd1 Qd7 34. Rf1 Qb5 35. fxg6 fxg6 36. Qf3 Rf8 37. Ng5 Kg8 38. Ne6 Rf7 39. g4 hxg4 40. Qxg4 Qe8 41. Rf3 1-0

[Event "Baltic Zonal III Stage 2018"]
[Site "Liepaja"]
[Date "2018.07.11"]
[Round "4"]
[White "Ladva, Ottomar"]
[Black "Sulskis, Sarunas"]
[Result "0-1"]
[ECO "D00"]
[WhiteElo "2498"]
[BlackElo "2507"]
[Annotator "RC"]
[PlyCount "54"]
[EventDate "2018.07.09"]
[EventType "swiss"]
[EventCountry "LAT"]
[SourceTitle "playchess.com"]
[Source "ChessBase"]
[SourceQuality "1"]
[TimeControl "5400+30"]

1. d4 d5 2. Bf4 c5 3. e3 Nc6 4. c3 cxd4 5. exd4 g6 6. Nd2 Bh6 7. Bxh6 Nxh6 8. h4 Qd6 9. Bd3 Bg4 10. Ngf3 O-O-O 11. Qa4 e5 12. dxe5 Nxe5 13. Be2 Nxf3+ 14. Bxf3 Rhe8+ 15. Kf1 d4 16. Qxa7 Bxf3 17. gxf3 dxc3 18. Rc1 Qxd2 19. Rxc3+ Kd7 20. Qxb7+ Ke6 21. Rc6+ Rd6 22. h5 Kf6 23. Rxd6+ Qxd6 24. Qb3 Qd2 25. Rh3 Nf5 26. hxg6 hxg6 27. f4 Re2 0-1

[Event "Baltic Zonal III Stage 2018"]
[Site "Liepaja"]
[Date "2018.07.11"]
[Round "4"]
[White "Kanep, Meelis"]
[Black "Samolins, Vitalijs"]
[Result "1/2-1/2"]
[ECO "A06"]
[WhiteElo "2440"]
[BlackElo "2400"]
[Annotator "NA"]
[PlyCount "43"]
[EventDate "2018.07.09"]
[EventType "swiss"]
[EventCountry "LAT"]
[SourceTitle "playchess.com"]
[Source "ChessBase"]
[SourceQuality "1"]
[TimeControl "5400+30"]

1. Nf3 d5 2. d4 Bf5 3. c4 e6 4. Nc3 Nf6 5. e3 {[%emt 0:01:54] LiveBook: 41 Games} Be7 6. Qb3 b6 7. Ne5 $11 c6 8. Be2 Nfd7 9. g4 Nxe5 10. gxf5 dxc4 11. Qd1 Nd3+ 12. Bxd3 cxd3 13. fxe6 O-O 14. exf7+ Rxf7 15. Qxd3 c5 16. Qe4 Nd7 17. O-O Nf6 18. Qg2 cxd4 19. exd4 Qf8 20. Be3 Rd8 21. Kh1 Nh5 22. Ne2 1/2-1/2

[Event "Baltic Zonal III Stage 2018"]
[Site "Liepaja"]
[Date "2018.07.11"]
[Round "4"]
[White "Seeman, Tarvo"]
[Black "Pedoson, Georg Aleksander"]
[Result "1-0"]
[ECO "A08"]
[WhiteElo "2414"]
[BlackElo "2176"]
[Annotator "RC"]
[PlyCount "113"]
[EventDate "2018.07.09"]
[EventType "swiss"]
[EventCountry "LAT"]
[SourceTitle "playchess.com"]
[Source "ChessBase"]
[SourceQuality "1"]
[TimeControl "5400+30"]

1. Nf3 d5 2. g3 Nf6 3. Bg2 e6 4. O-O Be7 5. d3 c5 6. Nbd2 O-O 7. e4 Nc6 8. Re1 Qc7 9. c3 dxe4 10. dxe4 e5 11. Qc2 Rd8 12. a4 h6 13. Nc4 Be6 14. Bf1 Rab8 15. a5 b5 16. axb6 axb6 17. Na3 Ra8 18. b3 Qb8 19. Rb1 Ra7 20. Nb5 Rad7 21. Nd2 Na5 22. Nc4 Nxc4 23. bxc4 Bg4 24. Be3 Qb7 25. Bg2 Be6 26. Qe2 Rd3 27. Na3 Rxc3 28. Qb2 Rdd3 29. Nb5 Rxc4 30. Qxe5 Rd7 31. h3 Rc2 32. g4 Qc8 33. Qg3 Rd3 34. Qc7 Qf8 35. Qxb6 Nd7 36. Qb7 g5 37. Nc7 Ba2 38. Rbd1 Ne5 39. Nd5 Bd6 40. Rxd3 Nxd3 41. Rd1 c4 42. Nf6+ Kg7 43. Bd4 Ne5 44. Qb6 Kxf6 45. Bxe5+ Kxe5 46. Rd5+ Kf6 47. e5+ Kg7 48. exd6 c3 49. d7 Rc1+ 50. Kh2 Bxd5 51. d8=Q Qxd8 52. Qxd8 Be6 53. Qd4+ Kg8 54. Qe3 Rc2 55. Be4 Ra2 56. Kg2 c2 57. Qc3 1-0

[Event "Baltic Zonal III Stage 2018"]
[Site "Liepaja"]
[Date "2018.07.11"]
[Round "4"]
[White "Klabis, Rokas"]
[Black "Sirosh, Ilja"]
[Result "0-1"]
[ECO "C50"]
[WhiteElo "2347"]
[BlackElo "2339"]
[Annotator "NA"]
[PlyCount "70"]
[EventDate "2018.07.09"]
[EventType "swiss"]
[EventCountry "LAT"]
[SourceTitle "playchess.com"]
[Source "ChessBase"]
[SourceQuality "1"]
[TimeControl "5400+30"]

1. e4 e5 2. Nf3 Nc6 3. Bc4 Bc5 4. O-O Nf6 5. d3 O-O 6. c3 d5 7. exd5 Nxd5 8. a4 a6 9. a5 Bf5 10. Re1 b5 11. axb6 $1 Nxb6 $16 12. Bg5 Qc8 13. b4 Bd6 14. Nbd2 Nxc4 15. dxc4 f6 16. Ne4 Be7 17. Qd5+ Qe6 18. Bh4 Rfd8 19. Qxe6+ Bxe6 20. b5 axb5 21. cxb5 Rxa1 22. Rxa1 Na7 23. Nxe5 g5 24. f4 fxe5 25. Rxa7 gxh4 26. Rxc7 Rd7 27. Rc6 Rd1+ 28. Kf2 Bd7 29. Rc7 Bd8 30. Rb7 exf4 31. Kf3 h3 32. gxh3 Bxh3 33. c4 Bh4 34. Kxf4 Rd4 35. Ke5 Rxe4+ {[%emt 0:00:38] Kd4} 0-1

[Event "Baltic Zonal III Stage 2018"]
[Site "Liepaja"]
[Date "2018.07.11"]
[Round "4"]
[White "Rogule, Laura"]
[Black "Haavamae, Henrik"]
[Result "0-1"]
[ECO "A46"]
[WhiteElo "2320"]
[BlackElo "2185"]
[Annotator "NA"]
[PlyCount "84"]
[EventDate "2018.07.09"]
[EventType "swiss"]
[EventCountry "LAT"]
[SourceTitle "playchess.com"]
[Source "ChessBase"]
[SourceQuality "1"]
[TimeControl "5400+30"]

1. d4 Nf6 2. Nf3 e6 3. c4 d5 4. g3 Bb4+ 5. Bd2 Bd6 $11 {[%emt 0:01:17] LiveBook: 585 Partien} 6. c5 Be7 7. Nc3 Ne4 8. b4 b6 9. a3 O-O 10. e3 f5 11. Ne5 Bf6 12. f4 a5 13. Be2 Bb7 14. O-O Bxe5 15. fxe5 Nd7 16. Nxe4 fxe4 17. cxb6 cxb6 18. bxa5 bxa5 19. Qa4 Rxf1+ 20. Bxf1 Nb6 21. Qb5 Ba6 22. Qc6 Bxf1 23. Qxe6+ Kh8 24. Rxf1 Nc4 25. Bc1 Qg8 26. Qf5 Re8 27. e6 Rxe6 28. Qxd5 Re8 29. Qc6 h6 30. Rf4 Rc8 31. Qxe4 Nd6 32. Qb1 Qc4 33. Bd2 a4 34. Qb4 Qc6 35. d5 Qc2 36. e4 Nc4 37. Bc3 Ne3 38. Bxg7+ Kh7 39. Qb2 Qd1+ 40. Kf2 Rc2+ 41. Kxe3 Qd2+ 42. Kf3 Qe2# 0-1

[Event "Baltic Zonal III Stage 2018"]
[Site "Liepaja"]
[Date "2018.07.11"]
[Round "4"]
[White "Brazdzionis, Andrius"]
[Black "Bernotas, Arturs"]
[Result "1-0"]
[ECO "E12"]
[WhiteElo "2252"]
[BlackElo "2413"]
[Annotator "RC"]
[PlyCount "85"]
[EventDate "2018.07.09"]
[EventType "swiss"]
[EventCountry "LAT"]
[SourceTitle "playchess.com"]
[Source "ChessBase"]
[SourceQuality "1"]
[TimeControl "5400+30"]

1. d4 Nf6 2. c4 e6 3. Nf3 b6 4. a3 Bb7 5. Nc3 d5 6. cxd5 Nxd5 7. Qc2 c5 8. e4 Nxc3 9. bxc3 Nd7 10. Bb5 a6 11. Bd3 Qc7 12. Qb1 g6 13. h4 h6 14. Ra2 Bg7 15. Re2 Rc8 16. Bd2 b5 17. d5 c4 18. Bc2 Nc5 19. a4 O-O 20. dxe6 fxe6 21. axb5 axb5 22. O-O Qe7 23. Qb4 Qd7 24. Rb1 Nd3 25. Qxb5 Bc6 26. Qb6 Rxf3 27. gxf3 Rf8 28. f4 e5 29. f3 exf4 30. Bxd3 Qxd3 31. Rf2 g5 32. hxg5 hxg5 33. Ra1 Bd7 34. Ra7 Rf7 35. Qd8+ Bf8 36. Ra5 Rg7 37. Rxg5 Qb1+ 38. Rf1 Qb5 39. Bxf4 Kh7 40. Rxg7+ Bxg7 41. Rd1 Qc5+ 42. Kg2 Be6 43. Qe8 1-0

[Event "Baltic Zonal III Stage 2018"]
[Site "Liepaja"]
[Date "2018.07.11"]
[Round "4"]
[White "Vicas, Marijus"]
[Black "Kveinys, Aloyzas"]
[Result "1-0"]
[ECO "B32"]
[WhiteElo "2183"]
[BlackElo "2537"]
[Annotator "RC"]
[PlyCount "45"]
[EventDate "2018.07.09"]
[EventType "swiss"]
[EventCountry "LAT"]
[SourceTitle "playchess.com"]
[Source "ChessBase"]
[SourceQuality "1"]
[TimeControl "5400+30"]

1. e4 c5 2. Nf3 Nc6 3. d4 cxd4 4. Nxd4 Qb6 5. Nb3 Nf6 6. Nc3 e6 7. Bd3 a6 8. Be3 Qc7 9. O-O b5 10. f4 d6 11. Qf3 Bb7 12. a3 Be7 13. Rae1 O-O 14. Qh3 Rad8 15. g4 b4 16. g5 bxc3 17. gxf6 gxf6 18. Rf3 Kh8 19. Kf2 Rg8 20. Rg3 Rg6 21. Reg1 Rdg8 22. f5 exf5 23. Qxh7+ 1-0

[Event "Baltic Zonal III Stage 2018"]
[Site "Liepaja"]
[Date "2018.07.12"]
[Round "5"]
[White "Kulaots, Kaido"]
[Black "Pultinevicius, Paulius"]
[Result "1-0"]
[ECO "A34"]
[WhiteElo "2555"]
[BlackElo "2422"]
[Annotator "RC"]
[PlyCount "51"]
[EventDate "2018.07.09"]
[EventType "swiss"]
[EventCountry "LAT"]
[SourceTitle "playchess.com"]
[Source "ChessBase"]
[SourceQuality "1"]
[TimeControl "5400+30"]

1. c4 Nf6 2. Nc3 c5 3. Nf3 d5 4. cxd5 Nxd5 5. e3 Nxc3 6. dxc3 Qc7 7. e4 e6 8. Qd2 Nc6 9. Qg5 h6 10. Qg3 Qxg3 11. hxg3 Bd7 12. Be3 Be7 13. O-O-O O-O-O 14. g4 e5 15. Bc4 f6 16. Nh4 Bxg4 17. f3 Rxd1+ 18. Rxd1 Bd7 19. Ng6 Rd8 20. Nxe7+ Nxe7 21. Bxc5 Nc6 22. b4 Re8 23. b5 Na5 24. Bf7 Rh8 25. Bxa7 Bxb5 26. Rd5 1-0

[Event "Baltic Zonal III Stage 2018"]
[Site "Liepaja"]
[Date "2018.07.12"]
[Round "5"]
[White "Kanep, Meelis"]
[Black "Ladva, Ottomar"]
[Result "1/2-1/2"]
[ECO "D41"]
[WhiteElo "2440"]
[BlackElo "2498"]
[Annotator "RC"]
[PlyCount "23"]
[EventDate "2018.07.09"]
[EventType "swiss"]
[EventCountry "LAT"]
[SourceTitle "playchess.com"]
[Source "ChessBase"]
[SourceQuality "1"]
[TimeControl "5400+30"]

1. d4 Nf6 2. c4 e6 3. Nf3 d5 4. Nc3 c5 5. cxd5 Nxd5 6. e4 Nxc3 7. bxc3 cxd4 8. cxd4 Bb4+ 9. Bd2 Bxd2+ 10. Qxd2 O-O 11. Bc4 Nd7 12. O-O 1/2-1/2

[Event "Baltic Zonal III Stage 2018"]
[Site "Liepaja"]
[Date "2018.07.12"]
[Round "5"]
[White "Bernotas, Arturs"]
[Black "Klabis, Rokas"]
[Result "1/2-1/2"]
[ECO "C45"]
[WhiteElo "2413"]
[BlackElo "2347"]
[Annotator "NA"]
[PlyCount "129"]
[EventDate "2018.07.09"]
[EventType "swiss"]
[EventCountry "LAT"]
[SourceTitle "playchess.com"]
[Source "ChessBase"]
[SourceQuality "1"]
[TimeControl "5400+30"]

1. e4 e5 2. Nf3 Nc6 3. d4 exd4 4. Nxd4 Nf6 5. Nxc6 bxc6 6. e5 Qe7 7. Qe2 Nd5 8. c4 Ba6 9. Nd2 g6 10. Nf3 Qb4+ 11. Kd1 Ne7 12. Qc2 Bg7 13. Qb3 Qb6 14. Bg5 c5 15. Bd3 Bb7 16. Re1 Rb8 17. Qxb6 axb6 18. Bf6 Kf8 19. Kc2 Bxf3 20. Bxg7+ Kxg7 21. gxf3 Nc6 22. Kc3 Rhe8 23. f4 f6 24. exf6+ Kxf6 25. h4 Nd4 26. h5 Rxe1 27. Rxe1 Ne6 28. hxg6 hxg6 29. Rh1 Nxf4 30. Rh7 Rd8 31. a3 Ne6 32. b4 d5 33. cxd5 Rxd5 34. Bc4 Rh5 35. Rd7 Rh3+ 36. Kd2 Rxa3 37. bxc5 bxc5 38. Bxe6 Kxe6 39. Rxc7 Kd5 40. Rd7+ Ke5 41. Rc7 Kd4 42. Rd7+ Ke4 43. Re7+ Kf3 44. Rf7+ Kg4 45. Rc7 Ra2+ 46. Ke3 Rc2 47. Rf7 Rc1 48. Kd2 Rc4 49. Ke3 g5 50. f3+ Kh5 51. Rf6 Rc1 52. Kf2 Rc3 53. Rc6 c4 54. Kg3 Rc2 55. Kh3 Rc1 56. Kg3 c3 57. Kh3 c2 58. Kg2 g4 59. fxg4+ Kxg4 60. Rc4+ Kf5 61. Rc5+ Ke4 62. Rc8 Kd4 63. Rd8+ Ke5 64. Re8+ Kd4 65. Rd8+ 1/2-1/2

[Event "Baltic Zonal III Stage 2018"]
[Site "Liepaja"]
[Date "2018.07.12"]
[Round "5"]
[White "Samolins, Vitalijs"]
[Black "Vicas, Marijus"]
[Result "1-0"]
[ECO "C45"]
[WhiteElo "2400"]
[BlackElo "2183"]
[Annotator "NA"]
[PlyCount "101"]
[EventDate "2018.07.09"]
[EventType "swiss"]
[EventCountry "LAT"]
[SourceTitle "playchess.com"]
[Source "ChessBase"]
[SourceQuality "1"]
[TimeControl "5400+30"]

1. e4 e5 2. Nf3 Nc6 3. d4 exd4 4. Nxd4 Nf6 5. Nxc6 bxc6 6. e5 Qe7 7. Qe2 Nd5 8. h4 f6 9. c4 Ba6 10. Rh3 Qb4+ 11. Kd1 O-O-O 12. Ra3 Bxc4 13. Qxc4 Qxc4 14. Bxc4 Bxa3 15. Nxa3 fxe5 16. g3 Rhf8 17. Ke2 Kb7 18. Bd2 h6 19. Bb3 Nb6 20. Rc1 d5 21. Nb1 Rf6 22. a4 Rb8 23. a5 Nd7 24. Ba4 Rbf8 25. Be1 e4 26. Nd2 Ne5 27. Nb3 a6 28. Rc2 g5 29. hxg5 hxg5 30. Nd4 R8f7 31. b4 Rh7 32. Bd2 Rh2 33. Be3 Ng4 34. Rxc6 Rf7 35. Ne6 Rfxf2+ 36. Bxf2 Rxf2+ 37. Ke1 Ra2 38. Nc5+ Kc8 39. Bb3 Rb2 40. Bxd5 Rb1+ 41. Ke2 Rb2+ 42. Kd1 Ne3+ 43. Kc1 Rc2+ 44. Kb1 Nxd5 45. Rxa6 Rxc5 46. bxc5 Kb7 47. Rg6 c6 48. Rxg5 Nc3+ 49. Kc2 Ne2 50. Kd2 Nd4 51. Ke3 1-0

[Event "Baltic Zonal III Stage 2018"]
[Site "Liepaja"]
[Date "2018.07.12"]
[Round "5"]
[White "Chukavin, Kirill"]
[Black "Rogule, Laura"]
[Result "1-0"]
[ECO "B67"]
[WhiteElo "2303"]
[BlackElo "2320"]
[Annotator "NA"]
[PlyCount "79"]
[EventDate "2018.07.09"]
[EventType "swiss"]
[EventCountry "LAT"]
[SourceTitle "playchess.com"]
[Source "ChessBase"]
[SourceQuality "1"]
[TimeControl "5400+30"]

1. e4 c5 2. Nf3 Nc6 3. d4 cxd4 4. Nxd4 Nf6 5. Nc3 d6 6. Bg5 e6 7. Qd2 a6 8. O-O-O Bd7 9. f4 b5 10. Bxf6 gxf6 11. Kb1 Qb6 12. Nce2 O-O-O 13. g3 Kb8 14. Bg2 Rc8 15. f5 h5 16. fxe6 fxe6 17. Bh3 Nd8 18. Qd3 Bh6 19. Rhf1 Bg5 20. Nf4 Bxf4 21. gxf4 Rg8 22. Qf3 Rc4 23. c3 b4 24. Ka1 bxc3 25. bxc3 Ka7 26. Rb1 Qa5 27. Rfc1 Re8 28. Nb3 Qc7 29. Bf1 Rc6 30. c4 Rh8 31. Qe3+ Ka8 32. e5 dxe5 33. fxe5 Rg8 34. exf6 Qxh2 35. Na5 Rc7 36. Rb2 Qd6 37. Bg2+ Rxg2 38. Rxg2 Rc5 39. Rg8 Bc8 40. Rxd8 1-0

[Event "Baltic Zonal III Stage 2018"]
[Site "Liepaja"]
[Date "2018.07.12"]
[Round "5"]
[White "Haavamae, Henrik"]
[Black "Pedoson, Georg Aleksander"]
[Result "1/2-1/2"]
[ECO "D91"]
[WhiteElo "2185"]
[BlackElo "2176"]
[Annotator "NA"]
[PlyCount "26"]
[EventDate "2018.07.09"]
[EventType "swiss"]
[EventCountry "LAT"]
[SourceTitle "playchess.com"]
[Source "ChessBase"]
[SourceQuality "1"]
[TimeControl "5400+30"]

1. d4 Nf6 2. c4 g6 3. Nc3 d5 4. Nf3 Bg7 5. Bg5 Ne4 6. Bf4 Nxc3 7. bxc3 c5 8. e3 O-O 9. cxd5 cxd4 10. cxd4 Qxd5 11. Be2 Qa5+ 12. Qd2 Qxd2+ 13. Kxd2 Nc6 1/2-1/2

[Event "Baltic Zonal III Stage 2018"]
[Site "Liepaja"]
[Date "2018.07.13"]
[Round "6"]
[White "Kovalenko, Igor"]
[Black "Sulskis, Sarunas"]
[Result "1-0"]
[ECO "D37"]
[WhiteElo "2624"]
[BlackElo "2507"]
[Annotator "ChessBase"]
[PlyCount "65"]
[EventDate "2018.07.09"]
[EventType "swiss"]
[EventCountry "LAT"]
[SourceTitle "playchess.com"]
[Source "ChessBase"]
[SourceQuality "1"]
[TimeControl "5400+30"]

1. d4 Nf6 2. Nf3 d5 3. c4 e6 4. Nc3 dxc4 5. e4 Bb4 6. Bxc4 Nxe4 7. O-O Nxc3 8. bxc3 Bd6 9. Ng5 h6 10. Qh5 O-O 11. Ne4 f5 12. Nxd6 cxd6 13. Re1 d5 14. Bb3 Nc6 15. Bf4 Bd7 16. Re3 Qf6 17. Rae1 Kh7 18. Ba4 g5 19. Bd6 Rfc8 20. c4 g4 21. Bxc6 Rxc6 22. Be5 Qg6 23. Qh4 Qg5 24. Qg3 Rxc4 25. h3 Rg8 26. hxg4 Qxg4 27. Qh2 Rg6 28. Rg3 Qe2 29. Rf1 Rc8 30. Qh4 Rxg3 31. Qe7+ Kg6 32. fxg3 Qe3+ 33. Kh2 1-0

[Event "Baltic Zonal III Stage 2018"]
[Site "Liepaja"]
[Date "2018.07.13"]
[Round "6"]
[White "Neiksans, Arturs"]
[Black "Klabis, Rokas"]
[Result "1-0"]
[ECO "E11"]
[WhiteElo "2567"]
[BlackElo "2347"]
[Annotator "ChessBase"]
[PlyCount "87"]
[EventDate "2018.07.09"]
[EventType "swiss"]
[EventCountry "LAT"]
[SourceTitle "playchess.com"]
[Source "ChessBase"]
[SourceQuality "1"]
[TimeControl "5400+30"]

1. d4 Nf6 2. c4 e6 3. Nf3 Bb4+ 4. Bd2 a5 5. Qc2 O-O 6. e4 d6 7. Nc3 Nc6 8. a3 Bxc3 9. Bxc3 Qe7 10. e5 dxe5 11. dxe5 Nd7 12. Bd3 h6 13. h4 Rd8 14. Bh7+ Kf8 15. Be4 Nc5 16. Bxc6 Nd3+ 17. Kf1 bxc6 18. Rd1 Ba6 19. Rxd3 Bxc4 20. Bd4 Bxd3+ 21. Qxd3 Kg8 22. Qc2 c5 23. Bc3 Rd5 24. g3 Qd7 25. Kg2 Qb5 26. Qe4 Rad8 27. Re1 a4 28. h5 Qa6 29. Qc2 Qb5 30. Qe4 Qa6 31. g4 Qb5 32. g5 hxg5 33. Nxg5 f5 34. Qf3 Rd3 35. Re3 Qc4 36. Rxd3 Qxd3 37. Qxd3 Rxd3 38. Nxe6 Kf7 39. Nf4 Rd1 40. e6+ Kg8 41. e7 Kf7 42. Ng6 f4 43. Bxg7 Rd5 44. Be5 1-0